 Seeded DCSS version 0.30.1-3-gfc49f6343a (webtiles) character file.

Game seed: 11570386775819610151 (custom seed)

736 CInkIbrahim the Spear-Bearer (level 8, -6/58 HPs)
             Began as a Formicid Fighter on July 22, 2023.
             Mangled by Crazy Yiuf
             ... wielding a +2 quarterstaff of chaos
              (20 damage)
             ... on level 4 of the Dungeon.
             The game lasted 00:04:05 (3253 turns).

CInkIbrahim the Spear-Bearer (Formicid Fighter)     Turns: 3253, Time: 00:04:06

Health: -6/58      AC: 10    Str: 22    XL:     8   Next: 4%
Magic:  8/8        EV:  9    Int: 15    God:
Gold:   195        SH:  0    Dex: 13    Spells: 7/7 levels left

rFire   . . .        a - +0 trident
rCold   + . .        c - +0 buckler
rNeg    . . .        b - +0 scale mail
rPois   .            (helmet unavailable)
rElec   .            (no cloak)
rCorr   .            t - +2 pair of gloves
SInv    +            (no boots)
Will    .....        (no amulet) Stlth
                     g - +6 ring of intelligence
HPRegen 0.29/turn    h - ring of protection from cold
MPRegen 0.11/turn

%: no passive effects
@: confused, lethally poisoned (-6 -> -7), ambrosia-drunk
A: permanent stasis, dig shafts and tunnels, antennae 3, four strong arms
a: Dig, Shaft Self


You were on level 4 of the Dungeon.
You visited 1 branch of the dungeon, and saw 4 of its levels.

You collected 195 gold pieces.

Inventory:

Hand Weapons
 a - a +0 trident (weapon)
Missiles
 d - 4 poisoned darts
Armour
 b - a +0 scale mail (worn)
 c - a +0 buckler (worn)
 t - a +2 pair of gloves (worn)
Jewellery
 f - an amulet of regeneration
 g - a +6 ring of intelligence (left hand)
 h - a ring of protection from cold (right hand)
Scrolls
 l - a scroll of immolation
 m - 4 scrolls of enchant armour
 o - a scroll of amnesia
 q - a scroll of brand weapon {unknown}
 r - a scroll of fear {unknown}
 s - a scroll of silence {unknown}
 u - a scroll of magic mapping
Potions
 e - a potion of brilliance {unknown}
 i - a potion of resistance {unknown}
 j - 2 potions of heal wounds
 k - 2 potions of haste {unknown}
 n - a potion of invisibility {unknown}
 p - a potion of ambrosia


   Skills:
 - Level 3.2 Fighting
 + Level 8.6 Polearms
 - Level 3.2 Armour
 - Level 4.0 Shields


You had 7 spell levels left.
You didn't know any spells.
Your spell library contained the following spells:

 Spells                   Type           Power      Damage    Failure   Level
 Lesser Beckoning         Tloc           0%         N/A       78%         2
 Scorch                   Fire           0%         2d5       78%         2
 Gell's Gravitas          Tloc           0%         N/A       95%         3
 Teleport Other           Tloc           0%         N/A       95%         3
 Flame Wave               Conj/Fire      0%         2d4       100%        4
 Passage of Golubria      Tloc           0%         N/A       100%        4
 Silence                  Hex/Air        0%         N/A       100%        5
 Summon Cactus Giant      Summ           0%         N/A       100%        6
 Lehudib's Crystal Spear  Conj/Erth      0%         10d2      100%        8


Dungeon Overview and Level Annotations

Branches:
Dungeon (4/15)
 Temple: D:4-7

Altars:
Gozag
Okawaru
Wu Jian

Annotations:
D:3 3 runed translucent doors, SweetJohnnyV's ghost, amateur MiBe
D:4 Crazy Yiuf


Innate Abilities, Weirdness & Mutations

You cannot be hasted, slowed, berserked, paralysed or teleported.
You can dig through walls and to a lower floor.
You have a pair of large antennae on your head. (SInv)
Your four strong arms can wield two-handed weapons with a shield.


Message History

You feel sick. Crazy Yiuf hits you but does no damage.
You closely miss Crazy Yiuf.
Crazy Yiuf is severely wounded.
You feel sick.
Crazy Yiuf hits you with a +2 quarterstaff of chaos!
* * * LOW HITPOINT WARNING * * *
Crazy Yiuf burns you.
* * * LOW HITPOINT WARNING * * *
You hit Crazy Yiuf but do no damage.
Crazy Yiuf is severely wounded.
You feel sick.
Crazy Yiuf says, "Two light light!"
Crazy Yiuf hits you but does no damage.
Non-targeted abil: Dig
Press: ? - help, Q - select action, (/) - cycle Dir - look around, f - activate You extend your mandibles.
Non-targeted abil: Dig
Press: ? - help, Q - select action, (/) - cycle Dir - look around, f - activate Look: Crazy Yiuf, wielding a +2 quarterstaff of chaos and wearing a +0 cloak (severely wounded)
You retract your mandibles.
Non-targeted abil: Dig
Press: ? - help, Q - select action, (/) - cycle Dir - look around, f - activate You extend your mandibles.
Non-targeted abil: Dig
Press: ? - help, Q - select action, (/) - cycle Dir - look around, f - activate Look: Crazy Yiuf, wielding a +2 quarterstaff of chaos and wearing a +0 cloak (severely wounded)
You retract your mandibles.
Non-targeted abil: Dig
Press: ? - help, Q - select action, (/) - cycle Dir - look around, f - activate Look: Crazy Yiuf, wielding a +2 quarterstaff of chaos and wearing a +0 cloak (severely wounded)
You extend your mandibles.
Non-targeted abil: Dig
Press: ? - help, Q - select action, (/) - cycle Dir - look around, f - activate Look: Crazy Yiuf, wielding a +2 quarterstaff of chaos and wearing a +0 cloak (severely wounded)
You retract your mandibles.
It was a potion of ambrosia.
You are confused.
You feel invigorated.
You feel sick. Crazy Yiuf hits you but does no damage.
You are electrocuted!!
You die...

##........# #.# #...
##.#..>..######.###.##
#.#.....#..........#
####################
###** ♣♣#### #)))#♣♣
♣♣..+.##
#.))g@♣♣♣♣.))...#
#)))#♣))♣)......#
###**♣♣♣)♣)..+..# ###
♣♣♣♣♣##.## #<. #.# ###
#######.# #####
#.......# #....
####.......# #.###
#..#.......# #)#≈≈


You could see Crazy Yiuf.

Vanquished Creatures
  Pikel (D:4)
  A gnoll bouda (D:4)
  A jelly (D:3)
  A hound (D:4)
  A sleepcap (D:4)
  An iguana (D:4)
  An orc wizard (D:3)
  4 adders
  3 gnolls (D:4)
  2 worms
  A dart slug (D:4)
  4 orcs (D:3)
  6 endoplasms
  4 giant cockroaches (D:3)
  4 goblins
  2 hobgoblins
  2 jackals (D:3)
  6 quokkas
  6 ball pythons
  5 bats
  8 frilled lizards
  5 kobolds
  7 rats
76 creatures vanquished.

Notes
Turn   | Place    | Note
-------+----------+-------------------------------------------
     0 | D:1      | CInkIbrahim the Formicid Fighter began the quest for the
                  | Orb.
     0 | D:1      | Reached XP level 1. HP: 18/18 MP: 1/1
   229 | D:1      | Reached XP level 2. HP: 24/24 MP: 2/2
   236 | D:1      | Found a faded altar of an unknown god.
   802 | D:1      | Reached skill level 3 in Polearms
  1091 | D:2      | Reached XP level 3. HP: 26/29 MP: 3/3
  1509 | D:3      | Reached skill level 4 in Polearms
  1509 | D:3      | Reached XP level 4. HP: 35/35 MP: 4/4
  1958 | D:3      | Reached XP level 5. HP: 41/41 MP: 5/5
  2032 | D:3      | Reached skill level 5 in Polearms
  2095 | D:3      | Found a runed translucent gate.
  2099 | D:3      | Found an ornate altar of the Wu Jian Council.
  2158 | D:3      | Found a runed translucent gate.
  2158 | D:3      | Found an opulent altar of Gozag.
  2159 | D:3      | Found a runed translucent gate.
  2161 | D:3      | Noticed SweetJohnnyV's ghost (amateur MiBe)
  2443 | D:4      | Noticed a lemure
  2443 | D:4      | Noticed a lemure
  2444 | D:4      | Noticed Pikel
  2446 | D:4      | Noticed a lemure
  2454 | D:4      | Noticed a lemure
  2463 | D:4      | Killed Pikel
  2464 | D:4      | Reached skill level 7 in Polearms
  2464 | D:4      | Reached XP level 6. HP: 25/47 MP: 6/6
  2464 | D:4      | Reached XP level 7. HP: 28/52 MP: 7/7
  2468 | D:4      | Found an iron altar of Okawaru.
  2619 | D:4      | Reached skill level 8 in Polearms
  3060 | D:4      | Reached XP level 8. HP: 58/58 MP: 8/8
  3238 | D:4      | Found a runed translucent door.
  3239 | D:4      | Noticed Crazy Yiuf
  3253 | D:4      | Mangled by Crazy Yiuf

Illustrated notes

Levels and vault maps discovered:
D:1:      amcnicky_arrival_abandoned_market, layout_basic,
          hellmonk_ecumenical_altar_arch_garden
D:2:      layout_rooms, grunt_ministairs_2
D:3:      layout_basic, amcnicky_altar_gilded, ebering_ghost_gozag
D:4:      minmay_chambers_of_fours, layout_basic, general_overflow_altar,
          uniq_crazy_yiuf_cottage, uniq_pikel

Skill      XL: |  1  2  3  4  5  6  7 |
---------------+----------------------+-----
Polearms       | 3 4 7 8 |  8.6
Fighting       | |  3.2
Armour         | |  3.2
Shields        | |  4.0

Action                     |  1- 3 |  4- 6 |  7- 9 || total
---------------------------+-------+-------+-------++-------
  Melee: Trident           |   103 |    83 |    79 ||   265
  Throw: Dart              |       |       |     1 ||     1
Ability: Dig               |       |       |     6 ||     6
    Use: Scroll            |     4 |       |     1 ||     5
         Potion            |       |     1 |     1 ||     2
 Armour: Scale mail        |    43 |    30 |    20 ||    93
  Dodge: Dodged            |    34 |    25 |    23 ||    82
  Block: Buckler           |    17 |    10 |     6 ||    33
